 Dungeon Crawl Stone Soup version 0.32-a0-918-g0f22ef8d61 (webtiles) character file.

Game seed: 10413959393599298533

514 smashvw the Changeling (level 7, -1/45 HPs)
             Began as an Octopode Shapeshifter on Apr 11, 2024.
             Slain by an ice beast (2 damage)
             ... on level 5 of the Dungeon.
             The game lasted 00:05:58 (3597 turns).

smashvw the Changeling (Octopode Shapeshifter)      Turns: 3597, Time: 00:05:59

Health: -1/45      AC:  1    Str: 13    XL:     7   Next: 20%
Magic:  7/7        EV: 12    Int: 13    God:
Gold:   207        SH:  0    Dex: 19    Spells: 6/6 levels left

rFire   . .          .
                       - Unarmed
rCold   . . .        (no shield)
rNeg    . . .        (helmet currently unavailable)
rPois   .            (no amulet)
rElec   .            t - +6 ring of dexterity
rCorr   .            (no ring)
SInv    .            (no ring)
Will    .....        (no ring)
Stlth   ++           (no ring)
HPRegen 0.27/turn    (no ring)
MPRegen 0.10/turn    (no ring)
                     (no ring)

%: no passive effects
@: confused, beast-form, hasted, very quick
A: beast (slay +3), almost no armour, amphibious, 8 rings, camouflage 1,
gelatinous body 1, (nimble swimmer 1), tentacles
a: Begin Untransformation


You were on level 5 of the Dungeon.
You were a hulking beast.
You visited 1 branch of the dungeon, and saw 5 of its levels.

You collected 207 gold pieces.

Inventory:

Missiles
 v - 2 throwing nets (quivered)
Jewellery
 t - a +6 ring of dexterity (left tentacle)
Talismans
 b - a beast talisman (active)
 c - a flux talisman
Wands
 a - a wand of iceblast (6)
Scrolls
 e - 2 scrolls of enchant armour {unknown}
 f - a scroll of noise {unknown}
 h - a scroll of enchant weapon {unknown}
 i - a scroll of blinking {unknown}
 j - 3 scrolls of identify {unknown}
 k - a scroll of poison {unknown}
 m - a scroll of vulnerability {unknown}
 n - 3 scrolls of teleportation {unknown}
 o - a scroll of brand weapon {unknown}
 p - a scroll of torment {unknown}
 r - a scroll of fear {unknown}
 s - a scroll of immolation {unknown}
Potions
 d - a potion of haste
 g - a potion of curing {unknown}
 l - a potion of magic {unknown}
 q - a potion of attraction {unknown}
 u - a potion of enlightenment {unknown}
 w - a potion of brilliance {unknown}


   Skills:
 - Level 2.0 Fighting
 - Level 2.0 Dodging
 - Level 4.0 Unarmed Combat
 + Level 6.8 Shapeshifting


You had 6 spell levels left.
You didn't know any spells.
Your spell library was empty.

Dungeon Overview and Level Annotations

Branches:
Dungeon (5/15)
 Temple: D:4-7

Altars:
Trog

Shops:
D:3 [

Annotations:
D:4 Edmund


Innate Abilities, Weirdness & Mutations

You are a hulking beast.
Your limbs bulge with bestial killing power. (Slay +3)
You cannot wear most types of armour.
You are amphibious.
You can wear up to eight rings at the same time.
Your skin changes colour to match your surroundings (Stealth+).
Your rubbery body absorbs attacks. (AC +1, EV +1)
((You are camouflaged when in or above water. (Stealth+)))
You have tentacles for arms and can constrict up to eight enemies at once.


Message History

a - a wand of iceblast (6)
An orc priest comes into view. It is wielding a +0 mace.
An orc priest is nearby!
An ice beast and an orc come into view.
An orc wizard and an ogre come into view.
The orc priest closely misses you.
You tentacle-slap the orc priest. You grab the orc priest.
The orc priest is heavily wounded.
You constrict the orc priest. You tentacle-slap the orc priest.
You kill the orc priest!
The ogre shouts!
Things that are here:
a +0 mace; a scroll labelled MUGE ZOWYIMNU The orc wizard shouts!
The orc shouts!
You barely miss the ice beast. You squeeze the ice beast!
The ice beast is moderately wounded.
The ice beast hits you. The ice beast freezes you!
You tentacle-slap the ice beast but do no damage.
Your squeeze misses the ice beast.
The ice beast is moderately wounded.
The ice beast hits you. The ice beast freezes you!
You are too injured to fight recklessly!
You are too injured to fight recklessly!
It was a potion of haste.
You feel yourself speed up. The ice beast barely misses you.
The ice beast attacks as it pursues you!
The ice beast closely misses you.
The ice beast attacks as it pursues you!
The ice beast hits you.
* * * LOW HITPOINT WARNING * * *
The ice beast freezes you!
* * * LOW HITPOINT WARNING * * *
The orc wizard attacks as it pursues you!
The orc wizard hits you with a +0 dagger.
* * * LOW HITPOINT WARNING * * *
The orc wizard casts a spell at you.
You are confused.
The ice beast hits you.
You die...

## # ####... ##
#...# ###.......
.## #...#
##........# ..##
#...# #..o...# ...#
#...# ##.).#
...###...# #..O##
#...##.).# ##oY.#
#...##...#
####.h.##
##...#...###......#
#...###.#.......##
#...#.........###
##..####....####
.........#####
##...........#
#....)......#
#...........#


You could see an ice beast, an ogre, an orc wizard and an orc.

Vanquished Creatures
  Duvessa (D:5)
  A scorpion (D:4)
  Dowan (D:5)
  3 hounds (D:4)
  3 orc priests
  4 adders (D:2)
  A white imp (D:5)
  2 dart slugs
  7 orcs (D:3)
  4 ball pythons
  10 endoplasms
  4 giant cockroaches (D:1)
  4 goblins
  12 hobgoblins
  3 jackals (D:3)
  6 kobolds (D:4)
  2 quokkas
  11 bats
  3 frilled lizards
  4 rats
86 creatures vanquished.

Notes
Turn   | Place    | Note
-------+----------+-------------------------------------------
     0 | D:1      | smashvw the Octopode Shapeshifter began the quest for the
                  | Orb.
     0 | D:1      | Reached XP level 1. HP: 13/13 MP: 1/1
    97 | D:1      | Reached XP level 2. HP: 18/18 MP: 2/2
   387 | D:1      | Reached XP level 3. HP: 21/24 MP: 3/3
   874 | D:2      | Reached XP level 4. HP: 24/29 MP: 4/4
  1659 | D:3      | Found Rejojon's Antique Armour Shoppe.
  1910 | D:3      | Found a faded altar of an unknown god.
  1958 | D:3      | Reached skill level 4 in Shapeshifting
  2005 | D:3      | Reached XP level 5. HP: 32/34 MP: 5/5
  2926 | D:4      | Reached skill level 5 in Shapeshifting
  2926 | D:4      | Reached XP level 6. HP: 39/39 MP: 6/6
  3176 | D:4      | Found a bloodstained altar of Trog.
  3436 | D:4      | Noticed Edmund
  3444 | D:5      | Entered Level 5 of the Dungeon
  3452 | D:5      | Noticed Duvessa
  3453 | D:5      | Noticed Dowan
  3465 | D:5      | Killed Duvessa
  3466 | D:5      | Reached skill level 6 in Shapeshifting
  3466 | D:5      | Reached XP level 7. HP: 45/45 MP: 7/7
  3468 | D:5      | Killed Dowan
  3594 | D:5      | HP: 1/45 [orc wizard/+0 dagger (3)]
  3597 | D:5      | Slain by an ice beast

Illustrated notes

Levels and vault maps discovered:
D:1:      co_arrival_square_in_a_square_in_a_square, layout_loops_ring
D:2:      layout_basic, minmay_cupped
D:3:      layout_basic, serial_shops, nicolae_shop_tiny_glass,
          shapermc_ecumenical_altar_acropolis
D:4:      nicolae_cairo_tiling_large, layout_gridville, trog_hazing_becter,
          uniq_edmund
D:5:      layout_basic, kennysheep_slug_shrine, serial_shops, shop,
          serial_curves, eino_curves_04, eino_curves_01, eino_curves_04,
          eino_curves_01, gup_sewer_entry_bubbles, hangedman_decor_push,
          uniq_duvessa

Skill      XL: |  1  2  3  4  5  6 |
---------------+-------------------+-----
Fighting       | 2 |  2.0
Unarmed Combat | 4 |  4.0
Shapeshifting  | 4 5 6 |  6.8
Dodging        | |  2.0

Action                     |  1- 3 |  4- 6 |  7- 9 || total
---------------------------+-------+-------+-------++-------
  Melee: Unarmed           |    53 |   100 |     8 ||   161
         Constrict         |    13 |    22 |     1 ||    36
         Tentacles         |    11 |    19 |     1 ||    31
         Punch             |     2 |     1 |       ||     3
    Use: Potion            |       |     2 |     1 ||     3
   Stab: Sleeping          |     8 |     4 |       ||    12
 Armour: Skin              |    21 |    56 |     7 ||    84
  Dodge: Dodged            |    24 |    38 |     4 ||    66

Table legend: (Time is in decaauts)
 A = Elapsed time spent in this place.
 B = Non-inter-level travel time spent in this place.
 C = Inter-level travel time spent in this place.
 D = Time resting spent in this place.
 E = Time spent auto-exploring this place.
 F = Levels seen in this place.
 G = Mean time per level.
                   A        B        C        D        E       F      G
               +--------+--------+--------+--------+--------+-----+--------+
         Total |   3583 |   3531 |     52 |    377 |   2700 |   5 |  716.6 |
       Dungeon |   3583 |   3531 |     52 |    377 |   2700 |   5 |  716.6 |
               +--------+--------+--------+--------+--------+-----+--------+

Top non-repeatable levels by time:
     D:3: 1379 daAuts
     D:2: 826 daAuts
     D:1: 651 daAuts
     D:4: 575 daAuts
     D:5: 150 daAuts
